 Dungeon Crawl Stone Soup version 0.29-a0-823-gc37b1572da (webtiles) character file.

Game seed: 11518486466641623376

73 zeratav the Stinger (level 4, -1/27 HPs)
             Began as an Octopode Venom Mage on July 8, 2022.
             Slain by Ijyb
             ... wielding a +0 club
              (2 damage)
             ... on level 3 of the Dungeon.
             The game lasted 00:03:19 (1845 turns).

zeratav the Stinger (Octopode Venom Mage)           Turns: 1845, Time: 00:03:19

Health: -1/27      AC:  1    Str:  7    XL:     4   Next: 27%
Magic:  1/7        EV: 17    Int: 19    God:
Gold:   121        SH:  5    Dex: 12    Spells: 4/7 levels left

rFire   . . .      SeeInvis .   b - +0 sling
rCold   . . .      Faith    .   (no shield)
rNeg    . . .      Spirit   .   (helmet restricted)
rPois   .          Reflect  +   g - amulet of reflection
rElec   .          Harm     .   n - +4 ring of evasion
rCorr   .          Rampage  .   (no ring)
Will    .....                   (no ring)
Stlth   ++++......              (no ring)
HPRegen 0.09/turn               (no ring)
MPRegen 0.10/turn               (no ring)
                                (no ring)
                                (no ring)

@: very slightly contaminated
A: almost no armour, amphibious, 8 rings, camouflage 1, gelatinous body 1,
(nimble swimmer 1), tentacles
a: no special abilities


You were on level 3 of the Dungeon.
You visited 1 branch of the dungeon, and saw 3 of its levels.

You collected 121 gold pieces.


Innate Abilities, Weirdness & Mutations

You cannot wear most types of armour.
You are amphibious.
You can wear up to eight rings at the same time.
Your skin changes colour to match your surroundings (Stealth+).
Your rubbery body absorbs attacks. (AC +1, EV +1)
((You are camouflaged when in or above water. (Stealth+)))
You have tentacles for arms and can constrict up to eight enemies at once.


   Skills:
 - Level 2.0 Dodging
 + Level 4.8 Stealth
 - Level 2.0 Spellcasting
 - Level 1.0 Transmutations
 + Level 5.0 Poison Magic


You had 4 spell levels left.
You knew the following spells:

 Your Spells              Type           Power      Damage    Failure   Level
a - Sting                 Tmut/Pois      52%        1d5       4%          1
b - Poisonous Vapours     Pois/Air       22%        N/A       9%          2

Your spell library contained the following spells:

 Spells                   Type           Power      Damage    Failure   Level
 Olgreb's Toxic Radiance  Pois           20%        N/A       22%         4
 Mephitic Cloud           Conj/Pois/Air  8%         N/A       26%         3
 Corpse Rot               Necr/Pois/Air  8%         N/A       65%         4

Inventory:

Hand Weapons
 b - a +0 sling (weapon)
   (You found it on level 1 of the Dungeon)
Jewellery
 g - an amulet of reflection (around mantle)
   (You found it on level 1 of the Dungeon)
 n - a +4 ring of evasion (left tentacle)
   (You found it on level 2 of the Dungeon)
Scrolls
 c - 6 scrolls of identify {unknown}
 d - a scroll of summoning {unknown}
 h - 2 scrolls of vulnerability {unknown}
 i - 2 scrolls of teleportation {unknown}
 k - a scroll of magic mapping {unknown}
 l - 2 scrolls of amnesia {unknown}
Potions
 a - a potion of magic
 e - a potion of lignification {unknown}
 f - a potion of mutation {unknown}
 j - a potion of heal wounds {unknown}
 m - a potion of invisibility {unknown}

Dungeon Overview and Level Annotations

Branches:
Dungeon (3/15) Zot: 16123

Altars:

Annotations:
D:3 Ijyb

#.... #....
##.... # ....#
#.# #..# ..
#..####.##
#........#.#
#...@g.)....
##..####..#.#
#...# #
###..#####...
#............
#.#..######..
#.###.#..#
.........######.
#.....†.........


You could see Ijyb (very poisoned).


Message History

Done exploring.
Done exploring.
Done exploring.
(D) Dungeon
Where to? (Enter - D:2, ? - help)
There is a stone staircase leading down here.
You climb downwards.
There is a stone staircase leading up here.
A hobgoblin comes into view.
A hobgoblin is nearby!
You shoot a sling bullet. The sling bullet hits the hobgoblin.
The hobgoblin shouts!
You shoot a sling bullet. The sling bullet hits the hobgoblin.
You shoot a sling bullet. The sling bullet hits the hobgoblin.
You kill the hobgoblin!
A rat comes into view.
You shoot a sling bullet.
The sling bullet hits the rat but does no damage.
The sting hits the rat.
The rat is poisoned.
You kill the rat!
Your Poison Magic skill increases to level 5!
MP[-1]
You lost 1 mp, and now have 6/7 mp.
You can't see any susceptible monsters within range! (Use Z to cast anyway.)
You can't see any susceptible monsters within range! (Use Z to cast anyway.)
c - 6 scrolls labelled MIBIC TAHA (gained 1) Ijyb the Twisted Goblin comes into view.
She is wielding a +0 club and carrying a wand of flame (29).
Ijyb shouts!
You hear a bark!
MP[+1]
Your mp is fully restored (7).
You shoot a sling bullet. The sling bullet barely misses Ijyb.
You hear a shout!
You hear a bark!
You shoot a sling bullet. The sling bullet closely misses Ijyb.
You shoot a sling bullet.
The sling bullet hits Ijyb but does no damage.
Ijyb zaps a wand.
The puff of flame hits you!
A goblin comes into view. It is wielding a +0 dagger.
HP[-9]
You take 9 damage, and now have 18/27 hp.
MASSIVE DAMAGE!! (PAUSE)
The sting hits Ijyb.
Ijyb is poisoned.
MP[-1]
You lost 1 mp, and now have 6/7 mp.
The sting misses Ijyb.
The sting hits the goblin.
The goblin is poisoned.
You kill the goblin!
MP[-1]
You lost 1 mp, and now have 5/7 mp.
The sting hits Ijyb but does no damage.
Ijyb looks even sicker.
Ijyb zaps a wand.
The puff of flame hits you.
HP[-4] MP[-1]
You take 4 damage, and now have 14/27 hp.
You lost 1 mp, and now have 4/7 mp.
You miscast Sting.
You are very lightly contaminated with residual magic.
Nothing appears to happen.
Ijyb completely misses you.
HP[+1] MP[-1]
You lost 1 mp, and now have 3/7 mp.
The sting misses Ijyb.
You block Ijyb's attack.
MP[-1]
You lost 1 mp, and now have 2/7 mp.
Unknown command.
You miscast Sting.
Nothing appears to happen.
You block Ijyb's attack.
MP[-1]
You lost 1 mp, and now have 1/7 mp.
The sting hits Ijyb but does no damage.
Ijyb looks even sicker.
Ijyb hits you with a +0 club.
* * * LOW HITPOINT WARNING * * *
HP[-4] MP[-1]
You take 4 damage, and now have 11/27 hp.
You lost 1 mp, and now have 0/7 mp.
You are too injured to fight recklessly!
You don't have enough magic to cast this spell.
Fire: b) +0 sling
Press: ? - help, Q - select action, (/) - cycle Shift-Dir - straight line, f/p - Ijyb
Aim: Ijyb, wielding a +0 club, wearing a +0 scale mail and carrying a wand of flame (27) (heavily wounded, very poisoned, 47% to hit)
You shoot a sling bullet. The sling bullet barely misses Ijyb.
Ijyb hits you with a +0 club.
* * * LOW HITPOINT WARNING * * *
Ijyb completely misses you.
HP[-4]
You take 4 damage, and now have 7/27 hp.
Fire: b) +0 sling
Press: ? - help, Q - select action, (/) - cycle Shift-Dir - straight line, f/p - Ijyb
Aim: Ijyb, wielding a +0 club, wearing a +0 scale mail and carrying a wand of flame (27) (heavily wounded, very poisoned, 47% to hit)
You shoot a sling bullet. The sling bullet closely misses Ijyb.
Ijyb zaps a wand.
The puff of flame hits you.
* * * LOW HITPOINT WARNING * * *
HP[-6] MP[+1]
You take 6 damage, and now have 1/27 hp.
MASSIVE DAMAGE!! (PAUSE) Fire: b) +0 sling
Press: ? - help, Q - select action, (/) - cycle Shift-Dir - straight line, f/p - Ijyb
Aim: Ijyb, wielding a +0 club, wearing a +0 scale mail and carrying a wand of flame (26) (heavily wounded, very poisoned, 47% to hit)
You shoot a sling bullet. The sling bullet barely misses Ijyb.
Ijyb grins evilly.
Ijyb hits you with a +0 club.
You die...

Skill      XL: |  1  2  3  4 |
---------------+-------------+-----
Stealth        | 3 4 |  4.8
Poison Magic   | 4 5 |  5.0
Dodging        | |  2.0
Spellcasting   | |  2.0
Transmutations | |  1.0

Action                   |  1- 3 |  4- 6 || total
-------------------------+-------+-------++-------
Melee: Unarmed           |     5 |       ||     5
       Constrict         |     2 |       ||     2
       Tentacles         |     1 |       ||     1
 Fire: Sling             |    66 |    13 ||    79
 Cast: Sting             |    21 |     6 ||    27
Armor: Skin              |     1 |       ||     1
Dodge: Dodged            |    21 |     2 ||    23
Block: Other             |     4 |     2 ||     6
       Reflection        |     1 |       ||     1

Levels and vault maps discovered:
D:1:      minmay_arrival_up_and_down, layout_rooms,
          dreamdust_ecumenical_altar_grove
D:2:      layout_basic, uniq_jessica
D:3:      layout_loops_ring, grunt_temple_overflow_open, uniq_ijyb, uniq_grinder

Notes
Turn   | Place    | Note
-------+----------+-------------------------------------------
     0 | D:1      | zeratav the Octopode Venom Mage began the quest for the
                  | Orb.
     0 | D:1      | Reached XP level 1. HP: 11/11 MP: 3/3
     0 | D:1      | magus.rc [v1.9.6]
    34 | D:1      | Reached skill level 3 in Stealth
    99 | D:1      | Reached skill level 4 in Poison Magic
    99 | D:1      | Reached XP level 2. HP: 17/17 MP: 5/5
   158 | D:1      | Found a faded altar of an unknown god.
   526 | D:1      | Learned a level 2 spell: Poisonous Vapours
   831 | D:2      | You pick up a book of Vapours and begin reading...
   898 | D:2      | Reached skill level 4 in Stealth
   898 | D:2      | Reached XP level 3. HP: 21/21 MP: 6/6
  1698 | D:2      | Noticed Jessica
  1702 | D:2      | Killed Jessica
  1703 | D:2      | Reached XP level 4. HP: 27/27 MP: 7/7
  1813 | D:3      | Reached skill level 5 in Poison Magic
  1832 | D:3      | Noticed Ijyb
  1844 | D:3      | HP: 1/27 [Ijyb/puff of flame (6)]
  1845 | D:3      | Slain by Ijyb

Vanquished Creatures
  Jessica (D:2)
  An adder (D:2)
  2 dart slugs
  4 ball pythons (D:1)
  An endoplasm (D:2)
  3 giant cockroaches (D:1)
  3 goblins
  3 hobgoblins
  3 quokkas
  2 bats
  A frilled lizard (D:2)
  6 kobolds
  4 rats
34 creatures vanquished.

Vanquished Creatures (others)
  4 fungi (D:1)
  2 plants (D:1)
6 creatures vanquished.

Grand Total: 40 creatures vanquished

Table legend:
 A = Non-vault XP
 B = Vault XP
 C = Vault XP percentage of total XP
 D = Non-vault monster count
 E = Vault monster count
 F = Vault count percentage of total count
                 A         B        C        D         E       F
            +---------+---------+-------+---------+---------+-------
      Total |      68 |      37 |  35.2 |      33 |       1 |   2.9
            +---------+---------+-------+---------+---------+-------
        D:1 |      31 |       0 |   0.0 |      18 |       0 |   0.0
        D:2 |      33 |      37 |  52.9 |      12 |       1 |   7.7
        D:3 |       4 |       0 |   0.0 |       3 |       0 |   0.0
            +---------+---------+-------+---------+---------+-------

Illustrated notes

Table legend:
 A = Kills in this place as a percentage of kills in entire the game.
 B = Kills by you in this place as a percentage of kills by you in the entire game.
 C = Kills by friends in this place as a percentage of kills by friends in the entire game.
 D = Other kills in this place as a percentage of other kills in the entire game.
 E = Experience gained in this place as a percentage of experience gained in the entire game.
 F = Experience gained in this place divided by the number of levels of this place that you have seen.
                   A       B       C       D       E      F
               +-------+-------+-------+-------+-------+----------------------
         Total | 100.0 | 100.0 |   N/A |   N/A | 100.0 |  35.0
       Dungeon | 100.0 | 100.0 |   N/A |   N/A | 100.0 |  35.0
               +-------+-------+-------+-------+-------+----------------------

Table legend: (Time is in decaauts)
 A = Elapsed time spent in this place.
 B = Non-inter-level travel time spent in this place.
 C = Inter-level travel time spent in this place.
 D = Time resting spent in this place.
 E = Time spent auto-exploring this place.
 F = Levels seen in this place.
 G = Mean time per level.
                   A        B        C        D        E       F      G
               +--------+--------+--------+--------+--------+-----+--------+
         Total |   1874 |   1854 |     20 |      0 |   1642 |   3 |  624.7 |
       Dungeon |   1874 |   1854 |     20 |      0 |   1642 |   3 |  624.7 |
               +--------+--------+--------+--------+--------+-----+--------+

Top non-repeatable levels by time:
     D:2: 1000 daAuts
     D:1: 827 daAuts
     D:3: 47 daAuts
